 Dungeon Crawl Stone Soup version bcrawl-1.12-8-g964540c432 (webtiles) character file.

Game seed: 1511275462605724107

2543 Morbidden the Nimble (level 9, -2/63 HPs)
             Began as a Fairy Archaeologist on June 4, 2019.
             Slain by Grinder (4 damage)
             ... on level 6 of the Dungeon.
             The game lasted 00:12:24 (4431 turns).

Morbidden the Nimble (Fairy Archaeologist)          Turns: 4431, Time: 00:12:25

Health: -2/63      AC: 11    Str:  9    XL:     9   Next: 55%
Magic:  14/14      EV: 20    Int: 21    God:
Gold:   377        SH: 10    Dex: 11    Spells: 11/12 levels left

rFire    . . .     SeeInvis .   h - +2 dagger (elec)
rCold    . . .     Gourm    .   x - +0 buckler (curse)
rNeg     . . .     Faith    .   (armour unavailable)
rPois    .         Spirit   .   a - +2 hat
rElec    .         Reflect  .   u - scarf {repulsion}
rCorr    .         Harm     .   e - +0 pair of gauntlets of War {Slay+6}
MR       .....     Rnd*Tele +   b - +1 pair of boots
Stlth    +.........             (no amulet)
HPRegen  0.20/turn              (no ring)
MPRegen  0.14/turn              (no ring)

@: flying evasively, repel missiles
A: small, magic attunement, unstealthy, unfitting armour, mutation resistance 1,
teleportitis 1, able to fly, AC/SH +6
a: Stop Flying


You were on level 6 of the Dungeon.
You were not hungry.

You visited 1 branch of the dungeon, and saw 6 of its levels.

You collected 377 gold pieces.

Inventory:

Hand Weapons
 h - a +2 dagger of electrocution (weapon)
Armour
 a - a +2 hat (worn)
 b - a +1 pair of boots (worn)
 c - a +1 pair of gloves
 e - the +0 pair of gauntlets of War (worn) {Slay+6}

   It affects your accuracy and damage with ranged weapons and melee attacks
   (+6).
 o - a +0 cloak
 u - a scarf of repulsion (worn)
 x - a cursed +0 buckler (worn)
Wands
 g - a wand of disintegration (21)
 j - a wand of polymorph (4)
 q - a wand of flame (8)
Scrolls
 i - 3 scrolls of identify
 k - a scroll of fog
 l - 4 scrolls of remove curse
 n - 2 scrolls of teleportation
 v - a scroll of amnesia
Potions
 m - a potion of curing
 p - a potion of magic
 r - 2 potions of berserk rage
 w - 2 potions of lignification {unknown}
Comestibles
 d - 9 chunks of flesh
 f - 7 rations {!d}


   Skills:
 * Level 6.7 Fighting
 * Level 7.1 Short Blades
 + Level 9.4 Dodging
 - Level 2.8 Stealth
 + Level 1.7 Shields
 * Level 2.0 Spellcasting
 * Level 1.9 Conjurations
 + Level 0.9 Poison Magic


You had 11 spell levels left.
You knew the following spells:

 Your Spells              Type           Power        Failure   Level  Hunger
a - Sting                 Conj/Pois      #...         12%         1    None

Your spell library contained the following spells:

 Spells                   Type           Power        Failure   Level  Hunger
 Sandblast                Erth           #.....       21%         1    None
 Poisonous Vapours        Pois/Air       #.....       26%         2    None
 Passwall                 Tmut/Erth      #.......     30%         2    None
 Stone Arrow              Conj/Erth      #.....       38%         3    None
 Ignite Poison            Fire/Tmut/Pois #.......     50%         3    None
 Olgreb's Toxic Radiance  Pois           #.......     80%         4    None
 Summon Scorpions         Summ/Pois      #.......     86%         4    None
 Petrify                  Tmut/Erth      #.......     90%         4    None
 Venom Bolt               Conj/Pois      #.........   97%         5    None
 Lee's Rapid Deconstruct  Erth           #.........   99%         5    None


Dungeon Overview and Level Annotations

Branches:
Dungeon (6/12)
 Temple: D:4-7

Altars:
Hepliaklqana
Kikubaaqudgha
Nemelex Xobeh

Shops:
D:4 :

Annotations:
D:6 Grinder


Innate Abilities, Weirdness & Mutations

Your spells do not cause hunger and MP costs are reduced by 1.
Your bright wings attract enemies. (Stealth-)
You cannot fit into any form of body armour.
Your shimmering scales are hard and can block incoming attacks. (AC +6, SH +6)
You are small and have problems with some larger weapons.
You can fly continuously.
You are somewhat resistant to further mutation.
You are occasionally teleported next to monsters.


Message History

Grinder gestures at you. Pain shoots through your body!
The orc hits you but does no damage. x2
Grinder gestures at you.
You shrug off the repeated paralysis!
The orc wizard mumbles some strange words.
The orc wizard blinks!
The orc hits you with a +0 dagger.
* * * LOW HITPOINT WARNING * * *
The orc hits you but does no damage. Grinder hits you!
* * * LOW HITPOINT WARNING * * *
You writhe in agony.
* * * LOW HITPOINT WARNING * * *
You can move again.
You barely miss Grinder.
Grinder is severely wounded.
The orc misses you. The orc barely misses you. Grinder hits you.
* * * LOW HITPOINT WARNING * * *
You writhe in agony.
You die...

#...........##..##..#
#............#....#.#
######...###.##.....#
#.#.###.##.#.#.###
#.#..............##
#.#######..........
..# ###†#..#.# .##
#)# .... .. #@# ...
#...5oo......
...............
#..............
#..............
#..............
#..............
#......o.......


You could see Grinder, an orc wizard and 2 orcs.

Vanquished Creatures
  Pikel (D:4)
  Prince Ribbit (D:5)
  A hippogriff (D:6)
  Eustachio (D:4)
  A necrophage (D:5)
  An ice beast (D:5)
  A black bear (D:6)
  2 ogres
  A phantom (D:6)
  3 sky beasts
  A centaur (D:5)
  A bullfrog (D:6)
  A scorpion (D:5)
  A crimson imp (D:5)
  A jelly (D:6)
  2 orc priests
  Crazy Yiuf (D:2)
  A bullfrog skeleton (D:6)
  Jessica (D:3)
  Natasha (twice) (D:4)
  An iguana (D:6)
  4 orc wizards
  3 worker ants
  A howler monkey skeleton (D:4)
  4 adders
  An ooze (D:3)
  An adder skeleton (D:5)
  2 worms (D:2)
  2 dart slugs
  9 leopard geckos
  10 orcs
  3 bats
  3 giant cockroaches
  6 goblins
  5 hobgoblins
  8 jackals
  2 quokkas
  A ball python (D:3)
  A frilled lizard (D:1)
  3 kobolds
  11 rats
106 creatures vanquished.

Vanquished Creatures (others)
  Sigmund (D:4)
  2 slaves (D:4)
  Natasha (D:4)
  An iguana (D:4)
  A worm (D:4)
6 creatures vanquished.

Grand Total: 112 creatures vanquished

Notes
Turn   | Place    | Note
-------+----------+-------------------------------------------
     0 | D:1      | Morbidden the Fairy Archaeologist began the quest for the
                  | Orb.
     0 | D:1      | Reached XP level 1. HP: 12/12 MP: 3/3
    79 | D:1      | Reached skill level 1 in Fighting
   162 | D:1      | Reached XP level 2. HP: 18/18 MP: 4/4
   518 | D:1      | Reached XP level 3. HP: 22/23 MP: 5/5
   855 | D:2      | Reached skill level 5 in Dodging
   987 | D:2      | Found a runed door.
  1052 | D:2      | Found an ancient bone altar of Kikubaaqudgha.
  1052 | D:2      | Found a hazy altar of Hepliaklqana.
  1464 | D:2      | Noticed Crazy Yiuf
  1467 | D:2      | Killed Crazy Yiuf
  1467 | D:2      | Reached skill level 1 in Short Blades
  1467 | D:2      | Reached XP level 4. HP: 29/29 MP: 6/6
  1570 | D:3      | Reached XP level 5. HP: 34/34 MP: 7/7
  1675 | D:3      | Noticed a sky beast
  1833 | D:2      | Killed a sky beast
  1833 | D:2      | Reached skill level 6 in Dodging
  2115 | D:3      | Reached XP level 6. HP: 41/41 MP: 8/8
  2232 | D:3      | Noticed Jessica
  2255 | D:3      | Killed Jessica
  2705 | D:4      | Noticed a slave
  2706 | D:4      | Noticed Pikel
  2709 | D:4      | Noticed a slave
  2716 | D:4      | Noticed a slave
  2719 | D:4      | Killed Pikel
  2719 | D:4      | Reached skill level 7 in Dodging
  2719 | D:4      | Reached XP level 7. HP: 44/49 MP: 9/9
  2817 | D:4      | Noticed Natasha
  2825 | D:4      | Killed Natasha
  2844 | D:4      | Killed Natasha
  2855 | D:4      | Reached XP level 8. HP: 54/54 MP: 10/10
  2865 | D:4      | Reached skill level 5 in Short Blades
  2910 | D:4      | Noticed Natasha
  2925 | D:4      | Gained mutation: You are occasionally teleported next to
                  | monsters. [potion of mutation]
  2925 | D:4      | Gained mutation: You are somewhat resistant to further
                  | mutation. [potion of mutation]
  2963 | D:4      | Killed Sigmund
  2975 | D:4      | Killed Natasha
  3291 | D:4      | Found Filaur's Book Shoppe.
  3350 | D:4      | Noticed Eustachio
  3371 | D:4      | Killed Eustachio
  3371 | D:4      | Reached skill level 5 in Fighting
  3605 | D:5      | Entered Level 5 of the Dungeon
  3605 | D:5      | Found a sparkling altar of Nemelex Xobeh.
  3647 | D:5      | Reached skill level 8 in Dodging
  3651 | D:5      | Got an ichor-stained ring mail
  3832 | D:5      | Noticed Prince Ribbit
  3843 | D:5      | Killed Prince Ribbit
  3956 | D:5      | Reached XP level 9. HP: 30/62 MP: 11/11
  3959 | D:5      | Learned a level 1 spell: Sting
  4042 | D:5      | Reached skill level 9 in Dodging
  4260 | D:6      | Reached skill level 1 in Spellcasting
  4260 | D:6      | Reached skill level 1 in Conjurations
  4306 | D:6      | Reached skill level 1 in Shields
  4396 | D:6      | Noticed Grinder
  4426 | D:6      | Paralysed by Grinder for 4 turns
  4430 | D:6      | HP: 3/63 [Grinder (5)]
  4431 | D:6      | Slain by Grinder

Skill      XL: |  1  2  3  4  5  6  7  8  9 |
---------------+----------------------------+-----
Fighting       | 1 2 4 6 |  6.7
Dodging        | 5 6 7 8 9 |  9.4
Short Blades   | 1 2 4 6 7 |  7.1
Spellcasting   | 2 |  2.0
Conjurations   | 1 |  1.9
Shields        | 1 |  1.7
Stealth        | |  2.8
Poison Magic   | |  0.9

Action                   |  1- 3 |  4- 6 |  7- 9 || total
-------------------------+-------+-------+-------++-------
Melee: Unarmed           |   112 |       |       ||   112
       Dagger            |   130 |   144 |   323 ||   597
 Cast: Sting             |       |       |    15 ||    15
  Use: Potion            |       |     6 |     5 ||    11
       Scroll            |       |       |     8 ||     8
  Eat: Chunk             |     2 |     4 |     6 ||    12
Armor: Skin              |    42 |    33 |    52 ||   127
Dodge: Dodged            |   207 |    56 |   178 ||   441
Block: Other             |    40 |    24 |    47 ||   111
       Buckler           |       |       |    41 ||    41
